 Dungeon Crawl Stone Soup version 0.27.1-1-g398f81649c (webtiles) character file.

Game seed: 8874066250154222155

1571 Kangaroobicon the Grappler (level 8, 0/78 HPs)
             Began as a Troll Monk on Sept 21, 2021.
             Was an Initiate of Ashenzari.
             Slain by a bullfrog (1 damage)
             ... on level 6 of the Dungeon.
             The game lasted 00:42:37 (3918 turns).

Kangaroobicon the Grappler (Troll Monk)             Turns: 3918, Time: 00:42:38

Health: 0/78       AC:  5    Str: 20    XL:     8   Next: 59%
Magic:  7/7        EV: 11    Int:  7    God:    Ashenzari [......]
Gold:   285        SH:  0    Dex: 13    Spells: 7/7 levels left

rFire    x . .     SeeInvis .     - Unarmed
rCold    + . .     Faith    .   (no shield)
rNeg     + . .     Spirit   .   a - +0 robe
rPois    .         Reflect  .   (helmet restricted)
rElec    .         Harm     .   C - +0 cloak
rCorr    .         Rampage  .   (gloves unavailable)
Will     .....                  (boots unavailable)
Stlth    ++........             (no amulet)
HPRegen  1.23/turn              f - ring "Foul Odors of Ashenzari" {rN+, Melee, Evo} (curse)
MPRegen  0.10/turn              h - ring of ice

@: lethally poisoned (0 -> -2)
A: large, unfitting armour, claws 3, regeneration 1, shaggy fur 1, tough skin 1
a: Renounce Religion, Shatter the Chains


You were on level 6 of the Dungeon.
You worshipped Ashenzari.
Ashenzari was noncommittal.
You visited 1 branch of the dungeon, and saw 6 of its levels.

You collected 285 gold pieces.

Inventory:

Hand Weapons
 i - a +4 short sword
 n - a +1 scimitar of protection
 s - a +2 halberd of freezing
 v - a +2 dagger of venom
 B - a +0 hunting sling
 G - a +0 shortbow
Missiles
 b - 171 stones
 o - 25 poisoned darts
 q - 79 arrows
 r - 5 silver javelins
 t - 23 sling bullets
 u - 2 curare-tipped darts (quivered)
 H - 8 boomerangs
Armour
 a - a +0 robe (worn)
 C - a +0 cloak (worn)
Jewellery
 f - the cursed ring "Foul Odors of Ashenzari" (left claw) {rN+, Melee, Evo}
   (You found it on level 1 of the Dungeon)

   [ring of positive energy]

   rN:        It protects you from negative energy.
   It has a curse which improves the following skills: Melee Combat: Short
   Blades, Long Blades, Axes, Maces & Flails, Polearms, Staves and Unarmed
   Combat.
   Evocations: Evocations.
 h - a ring of ice (right claw)
 y - an amulet of magic regeneration
 J - a ring of wizardry
Wands
 k - a wand of flame (16)
 p - a wand of digging (6)
 A - a wand of charming (6)
Scrolls
 d - a scroll of enchant weapon
 j - a scroll of enchant armour
 w - a scroll of amnesia
 z - a scroll of blinking
 D - a scroll of fear
 E - 2 scrolls of torment
 I - a scroll of immolation
Potions
 c - 3 potions of brilliance
 e - 2 potions of degeneration
 g - 3 potions of curing
 l - a potion of flight
 m - 2 potions of lignification
 x - a potion of might
 F - a potion of mutation
 K - a potion of haste


   Skills:
 + Level 3.8 Fighting
 + Level 1.4 Throwing
 + Level 4.7 Dodging
 + Level 2.4 Stealth
 + Level 8.5(9.0) Unarmed Combat


You had 7 spell levels left.
You didn't know any spells.
Your spell library contained the following spells:

 Spells                   Type           Power      Damage    Failure   Level
 Passwall                 Tmut/Erth      0%         N/A       56%         2
 Swiftness                Air            0%         N/A       80%         3
 Invisibility             Hex            0%         N/A       100%        6


Dungeon Overview and Level Annotations

Branches:
Dungeon (6/15)
 Temple: D:4-7

Altars:
Ashenzari
Fedhas
Kikubaaqudgha
Ru


Innate Abilities, Weirdness & Mutations

You are too large for most types of armour.
You have claws for hands.
Your natural rate of healing is unusually fast.
You are covered in fur. (AC +1)
You have tough skin. (AC +1)


Message History

You claw the water moccasin!
You kill the water moccasin!
You feel very sick.
The kobold brigand hits you with a +0 short sword.
* * * LOW HITPOINT WARNING * * *
You closely miss the kobold brigand.
You feel very sick.
A bullfrog comes into view.
The hornet zombie closely misses you. The kobold brigand barely misses you.
The hornet zombie hits you but does no damage.
You closely miss the kobold brigand.
You feel very sick.
The kobold brigand hits you but does no damage.
The hornet zombie closely misses you.
The bullfrog gives a loud, deep croak!
You mangle the kobold brigand!!
The kobold brigand is heavily wounded.
You feel very sick.
You hear an angry hiss.
The bullfrog snags a nearby fly with its tongue.
The hornet zombie barely misses you.
The kobold brigand hits you with a +0 short sword.
* * * LOW HITPOINT WARNING * * *
You mangle the kobold brigand!!
You kill the kobold brigand!
You feel very sick.
You hear an angry hiss.
The hornet zombie hits you but does no damage.
You hear a shout!
You claw the hornet zombie!
The hornet zombie is moderately damaged.
You feel sick.
The hornet zombie hits you but does no damage.
The bullfrog closely misses you.
You mangle the hornet zombie!!
The hornet zombie is severely damaged.
You feel sick. The hornet zombie hits you.
* * * LOW HITPOINT WARNING * * *
The bullfrog hits you.
You die...

+.....#
#.....#
#.....#
#.....###+###
#####.......#
+.......# .
#.......# ...
#.......#
#..#@......#
#.ZF...####
#..Z...#
#......#
#.#.....#
#.#.....# .
#.....# ..
#.....#
...####


You could see a bullfrog, a hornet zombie and a centaur zombie.

Vanquished Creatures
  Sigmund (D:3)
  2 water moccasins (D:6)
  Duvessa (D:4)
  An ogre (D:5)
  A necrophage (D:5)
  2 centaurs
  A kobold brigand (D:6)
  Dowan (D:4)
  4 howler monkeys
  A jelly (D:5)
  A gnoll shaman (D:6)
  A bullfrog skeleton (D:5)
  2 orc priests (D:6)
  A centaur skeleton (D:5)
  Jessica (D:3)
  Natasha (thrice) (D:3)
  An iguana (D:4)
  An orc wizard (D:6)
  3 gnolls (D:5)
  2 adders
  A white imp (D:5)
  2 ufetubi
  An adder skeleton (D:3)
  4 worms
  A dart slug (D:1)
  2 orcs (D:3)
  10 endoplasms
  6 giant cockroaches
  4 goblins
  7 hobgoblins
  7 jackals
  3 quokkas
  4 ball pythons
  11 bats
  2 frilled lizards
  7 kobolds
  7 rats
110 creatures vanquished.

Vanquished Creatures (others)
  59 plants (D:3)
  10 withered plants (D:4)
69 creatures vanquished.

Grand Total: 179 creatures vanquished

Notes
Turn   | Place    | Note
-------+----------+-------------------------------------------
     0 | D:1      | Kangaroobicon the Troll Monk began the quest for the Orb.
     0 | D:1      | Reached XP level 1. HP: 22/22 MP: 0/0
   115 | D:1      | Found a faded altar of an unknown god.
   128 | D:1      | Became a worshipper of Ashenzari the Shackled
   430 | D:1      | Reached XP level 2. HP: 29/29 MP: 1/1
   959 | D:2      | Reached XP level 3. HP: 36/36 MP: 2/2
  1423 | D:3      | Found a blossoming altar of Fedhas.
  1489 | D:3      | Reached skill level 4 in Unarmed Combat
  1489 | D:3      | Reached XP level 4. HP: 40/44 MP: 3/3
  1712 | D:3      | Noticed Natasha
  1717 | D:3      | Killed Natasha
  1719 | D:3      | Noticed Jessica
  1723 | D:3      | Noticed Natasha
  1734 | D:3      | Killed Jessica
  1735 | D:3      | Reached XP level 5. HP: 15/52 MP: 4/4
  1737 | D:3      | Killed Natasha
  1762 | D:3      | Noticed Natasha
  1769 | D:3      | Killed Natasha
  1986 | D:3      | Noticed Sigmund
  2072 | D:3      | Killed Sigmund
  2073 | D:3      | Reached skill level 5 in Unarmed Combat
  2073 | D:3      | Reached XP level 6. HP: 61/61 MP: 5/5
  2445 | D:3      | You fall into a shaft and drop 1 floor!
  2526 | D:4      | Noticed Duvessa
  2526 | D:4      | Noticed Dowan
  2531 | D:4      | Killed Duvessa
  2542 | D:4      | Killed Dowan
  2543 | D:4      | Reached skill level 6 in Unarmed Combat
  2543 | D:4      | Reached XP level 7. HP: 21/67 MP: 6/6
  2943 | D:4      | Found an ancient bone altar of Kikubaaqudgha.
  3323 | D:5      | Entered Level 5 of the Dungeon
  3327 | D:5      | Reached skill level 1 in Throwing
  3416 | D:5      | Reached skill level 7 in Unarmed Combat
  3556 | D:5      | Reached XP level 8. HP: 44/75 MP: 7/7
  3584 | D:5      | Found a sacrificial altar of Ru.
  3848 | D:6      | Reached skill level 8 in Unarmed Combat
  3918 | D:6      | HP: 1/78 [hornet zombie (6)]
  3918 | D:6      | Slain by a bullfrog

Illustrated notes

Levels and vault maps discovered:
D:1:      minmay_arrival_shattered_statue, layout_basic,
          dilly_ecumenical_altar_fadedgnrine, amethyst_killhole
D:2:      layout_basic
D:3:      layout_basic, mainiacjoe_overflow_tiny_flanked, serial_bayou,
          serial_bayou_crossing, serial_bayou_pond_c, serial_bayou_lagoon_a,
          serial_bayou_pond_b, bh_walls_and_bars, uniq_natasha, uniq_sigmund,
          uniq_jessica
D:4:      layout_loops_cross, kiku_gazebo_garden_becter, dk_vineyard_2,
          hangedman_decor_riveting, uniq_duvessa
D:5:      layout_cave_pools, nicolae_ru_awakened_eye,
          nemelex_diamond_rough_becter, uniq_edmund
D:6:      layout_gridville, minmay_temple_entry_stoned_glass,
          minmay_alternating_orb

Skill      XL: |  1  2  3  4  5  6  7  8 |
---------------+-------------------------+-----
Unarmed Combat | 4 5 6 7 8 |  8.5
Dodging        | 3 4 |  4.7
Fighting       | 3 |  3.8
Stealth        | 2 |  2.4
Throwing       | 1 |  1.4

Action                   |  1- 3 |  4- 6 |  7- 9 || total
-------------------------+-------+-------+-------++-------
Melee: Unarmed           |   104 |    93 |   116 ||   313
       Punch             |       |     1 |     4 ||     5
Throw: Dart              |       |     7 |     3 ||    10
Invok: Curse Item        |       |       |     1 ||     1
 Stab: Sleeping          |     7 |     1 |     2 ||    10
Armor: Robe              |    22 |    27 |    38 ||    87
Dodge: Dodged            |    41 |    27 |    62 ||   130
